 Dungeon Crawl Stone Soup version 0.30.0-5-g1a98f26d00 (webtiles) character file.

Game seed: 3028679704089241218

6745 destino the Fighter (level 11, -9/78 HPs)
             Began as an Octopode Fire Elementalist on May 11, 2023.
             Mangled by a komodo dragon (11 damage)
             ... on level 1 of the Lair of Beasts.
             The game lasted 00:35:39 (11783 turns).

destino the Fighter (Octopode Fire Elementalist)   Turns: 11783, Time: 00:35:40

Health: -9/78      AC:  5    Str: 15    XL:     11   Next: 4%
Magic:  1/15       EV: 12    Int: 21    God:
Gold:   440        SH:  5    Dex: 12    Spells: 3/16 levels left

rFire   . . .        D - +3 morningstar (freeze)
rCold   . . .        B - +0 buckler
rNeg    . . .        (helmet restricted)
rPois   .            (no amulet)
rElec   .            r - +4 ring of protection
rCorr   .            t - +6 ring of strength
SInv    .            (no ring)
Will    .....        (no ring)
Stlth   +++          (no ring)
HPRegen 0.33/turn    (no ring)
MPRegen 0.14/turn    (no ring)
                     (no ring)

%: no passive effects
@: no status effects
A: almost no armour, amphibious, 8 rings, camouflage 1, gelatinous body 1,
(nimble swimmer 1), tentacles
a: no special abilities


You were on level 1 of the Lair of Beasts.
You visited 3 branches of the dungeon, and saw 10 of its levels.

You collected 440 gold pieces.

Inventory:

Hand Weapons
 v - a +0 morningstar
 C - a +4 short sword
 D - a +3 morningstar of freezing (weapon)
Missiles
 j - 14 poisoned darts
 u - 3 atropa-tipped darts
 w - 5 boomerangs
 y - a curare-tipped dart
Armour
 i - a +0 kite shield
 B - a +0 buckler (worn)
Jewellery
 r - a +4 ring of protection (left tentacle)
 t - a +6 ring of strength (right tentacle)
Wands
 q - a wand of charming (3)
Scrolls
 b - a scroll of fear {unknown}
 c - 2 scrolls of silence {unknown}
 d - 4 scrolls of immolation {unknown}
 f - 2 scrolls of enchant weapon {unknown}
 l - 4 scrolls of teleportation
 n - 2 scrolls of vulnerability {unknown}
 o - 3 scrolls of magic mapping
 s - 2 scrolls of fog {unknown}
Potions
 e - 2 potions of flight
 h - 2 potions of berserk rage {unknown}
 k - a potion of haste
 m - a potion of lignification
 p - 2 potions of might
 x - a potion of resistance
 z - 2 potions of mutation {unknown}
 F - a potion of attraction


   Skills:
 + Level 8.8 Fighting
 - Level 2.0 Dodging
 - Level 3.0 Stealth
 - Level 5.0 Shields
 - Level 3.0 Spellcasting
 - Level 8.0 Conjurations
 - Level 2.0 Translocations
 - Level 4.0 Transmutations
 - Level 8.0 Fire Magic
 - Level 4.0 Poison Magic
 - Level 3.0 Evocations


You had 3 spell levels left.
You knew the following spells:

 Your Spells              Type           Power      Damage    Failure   Level
a - Foxfire               Conj/Fire      100%       2x1d9     1%          1
b - Scorch                Fire           72%        2d8       1%          2
c - Volatile Blastmotes   Fire/Tloc      48%        2d14      6%          3
d - Flame Wave            Conj/Fire      36%        2d10      6%          4
e - Spider Form           Tmut/Pois      19%        N/A       10%         3

Your spell library contained the following spells:

 Spells                   Type           Power      Damage    Failure   Level
 Apportation              Tloc           22%        N/A       8%          1
 Inner Flame              Hex/Fire       19%        N/A       10%         3
 Ensorcelled Hibernation  Hex/Ice        6%         N/A       26%         2
 Portal Projectile        Hex/Tloc       14%        N/A       32%         3
 Call Canine Familiar     Summ           3%         N/A       45%         3
 Fireball                 Conj/Fire      18%        3d9       17%         5
 Alistair's Intoxication  Tmut/Pois      12%        N/A       65%         5
 Starburst                Conj/Fire      18%        6d7       67%         6
 Anguish                  Hex/Necr       1%         N/A       86%         4
 Leda's Liquefaction      Hex/Erth       1%         N/A       86%         4
 Plasma Beam              Fire/Air       9%         2x1d22    99%         6


Dungeon Overview and Level Annotations

Branches:
Dungeon (8/15)             Temple (1/1) D:7            Lair (1/5) D:8

Altars:
Cheibriados
Dithmenos
Elyvilon
Fedhas
Kikubaaqudgha
Makhleb
Nemelex Xobeh
Okawaru
Qazlal
Ru
Sif Muna
Trog
Uskayaw
Vehumet
Xom
Yredelemnul
Zin
The Shining One

Annotations:
D:6 1 runed translucent door, P0WERM0DE's ghost, novice OpTm


Innate Abilities, Weirdness & Mutations

You cannot wear most types of armour.
You are amphibious.
You can wear up to eight rings at the same time.
Your skin changes colour to match your surroundings (Stealth+).
Your rubbery body absorbs attacks. (AC +1, EV +1)
((You are camouflaged when in or above water. (Stealth+)))
You have tentacles for arms and can constrict up to eight enemies at once.


Message History

Confirm with . or Enter, or press ? or * to list all spells.
You conjure some foxfire!
The foxfire hits the komodo dragon.
The komodo dragon is lightly wounded.
The foxfire hits the komodo dragon but does no damage.
The komodo dragon is lightly wounded.
Casting: Foxfire (safe; 1% risk of failure)
Confirm with . or Enter, or press ? or * to list all spells.
Okay, then.
Casting: Foxfire (safe; 1% risk of failure)
Confirm with . or Enter, or press ? or * to list all spells.
You conjure some foxfire!
The foxfire hits the komodo dragon.
The komodo dragon is lightly wounded.
The foxfire hits the komodo dragon but does no damage.
The komodo dragon is lightly wounded.
Aiming: Charm
Press: ? - help, Shift-Dir - straight line, f - komodo dragon
Aim: a komodo dragon (lightly wounded, ally target, chance to affect: 38%)
Okay, then.
Aiming: Quicksilver Bolt
Press: ? - help, Shift-Dir - straight line, f - komodo dragon
Aim: a komodo dragon (lightly wounded, ally target, 81% to hit)
The bolt of dispelling energy hits the komodo dragon!!
The komodo dragon is heavily wounded.
The foxfire hits the komodo dragon but does no damage.
The komodo dragon is heavily wounded.
The foxfire hits the komodo dragon.
The komodo dragon is heavily wounded.
Aiming: Quicksilver Bolt
Press: ? - help, Shift-Dir - straight line, f/p - komodo dragon
Aim: a komodo dragon (heavily wounded, 81% to hit)
The bolt of dispelling energy hits the komodo dragon!
The komodo dragon is almost dead.
The now-empty wand crumbles to dust.
The komodo dragon bites you!!
* * * LOW HITPOINT WARNING * * *
You hear an angry hiss.
Casting: Foxfire (safe; 1% risk of failure)
Confirm with . or Enter, or press ? or * to list all spells.
Flames lash the komodo dragon but do no damage.
The komodo dragon bites you!
You die...

......^.............l..#*
P#P.P###...............#
###.## ##..............*
#*#.#***#...#+..#..##.,*
...........##.#..###*,,*
.#....###...#......##,,*
#.....# #..##.......+,,*
##....# #..##...l..##..#
*..,,* #..##...@......#
****,* #..##..#.####..# *
*,* *,,,##.#+#**,,.#
*****,***,,,,..,,,,,,,,#
,,,,,,,,,,,,...,,,,,,,,*
,,,,,,,,,,,...,,,,,,,,,*
,,,,,,,,,,...,,,,,,,,,,*
,,,,,,,,,,,,,,,*,,***,,*
.*,+***,*,,,,***,****,,*


You could see a komodo dragon.

Vanquished Creatures
  A two-headed ogre (D:8)
  A black mamba (Lair:1)
  Maggie (D:8)
  A cane toad (Lair:1)
  A komodo dragon (Lair:1)
  A troll (D:5)
  A hornet (D:8)
  Grinder (D:5)
  3 blink frogs (Lair:1)
  Menkaure (D:7)
  2 water moccasins
  3 black bears
  An ice beast (D:6)
  An orc warrior (D:4)
  2 sky beasts
  A centaur (D:5)
  5 wolves (Lair:1)
  2 kobold brigands
  7 bullfrogs
  A gnoll sergeant (D:6)
  5 wights (D:7)
  6 killer bees
  A jelly (D:6)
  4 howler monkeys
  A vampire bat (D:6)
  4 hounds
  3 crimson imps (D:6)
  4 orc priests
  A gnoll bouda (D:6)
  An iron imp (D:8)
  4 iguanas
  2 orc wizards (D:7)
  9 gnolls
  12 adders
  10 white imps
  2 ufetubi (D:6)
  3 dart slugs
  20 orcs
  10 ball pythons
  5 bats
  3 bat skeletons (D:6)
  3 bat zombies (D:6)
  7 endoplasms
  6 giant cockroaches
  11 hobgoblins
  6 quokkas
  6 frilled lizards
  4 goblins
  3 goblin skeletons (D:8)
  2 goblin zombies (D:8)
  2 hobgoblin zombies (D:8)
  12 kobolds
  A kobold skeleton (D:8)
  An orc skeleton (D:8)
  An orc zombie (D:8)
  2 rats (D:1)
214 creatures vanquished.

Vanquished Creatures (collateral kills)
  3 foxfires (D:4)
3 creatures vanquished.

Vanquished Creatures (others)
  790 foxfires
790 creatures vanquished.

Grand Total: 1007 creatures vanquished

Notes
Turn   | Place    | Note
-------+----------+-------------------------------------------
     0 | D:1      | destino the Octopode Fire Elementalist began the quest for
                  | the Orb.
     0 | D:1      | Reached XP level 1. HP: 11/11 MP: 3/3
   162 | D:1      | Reached XP level 2. HP: 17/17 MP: 0/5
   725 | D:1      | Reached XP level 3. HP: 21/21 MP: 4/6
  1292 | D:2      | Found a faded altar of an unknown god.
  1320 | D:2      | Learned a level 2 spell: Scorch
  1324 | D:2      | Learned a level 3 spell: Volatile Blastmotes
  1401 | D:2      | Reached XP level 4. HP: 27/27 MP: 2/7
  3004 | D:4      | Reached XP level 5. HP: 14/31 MP: 1/8
  3620 | D:4      | Noticed an orc warrior
  3957 | D:4      | Reached XP level 6. HP: 21/36 MP: 3/9
  4203 | D:4      | Reached skill level 1 in Translocations
  4533 | D:4      | Killed an orc warrior
  4534 | D:4      | Reached skill level 5 in Fire Magic
  4905 | D:5      | Entered Level 5 of the Dungeon
  5120 | D:5      | Reached skill level 1 in Fighting
  5120 | D:5      | Reached XP level 7. HP: 43/43 MP: 4/10
  5506 | D:5      | Noticed a troll
  5605 | D:5      | Noticed Grinder
  5610 | D:5      | Killed Grinder
  5611 | D:5      | Reached skill level 5 in Conjurations
  6099 | D:6      | Reached XP level 8. HP: 50/50 MP: 0/12
  6877 | D:6      | Found a shimmering altar of Xom.
  6985 | D:6      | Learned a level 4 spell: Flame Wave
  6989 | D:6      | Learned a level 3 spell: Spider Form
  7519 | D:6      | Found an ancient bone altar of Kikubaaqudgha.
  7528 | D:6      | Reached skill level 1 in Poison Magic
  7644 | D:6      | Reached skill level 1 in Transmutations
  7839 | D:6      | Found a runed translucent door.
  7847 | D:6      | Noticed P0WERM0DE's ghost (novice OpTm)
  7882 | D:7      | Reached XP level 9. HP: 56/56 MP: 7/13
  8258 | D:7      | Noticed Menkaure
  8262 | D:7      | Killed Menkaure
  8708 | D:7      | Reached skill level 1 in Shields
  8905 | D:7      | Found a staircase to the Ecumenical Temple.
  8911 | Temple   | Entered the Ecumenical Temple
  9046 | D:8      | Noticed Maggie
  9401 | D:8      | Found a staircase to the Lair.
  9572 | D:8      | Reached skill level 1 in Evocations
  9868 | D:8      | Noticed a two-headed ogre
 10170 | D:5      | Killed a troll
 10171 | D:5      | Reached XP level 10. HP: 63/63 MP: 5/14
 10301 | D:8      | Noticed a catoblepas
 10403 | D:8      | Killed Maggie
 10404 | D:8      | Reached skill level 5 in Shields
 10699 | D:8      | Found a glowing golden altar of the Shining One.
 11023 | D:8      | Killed a two-headed ogre
 11024 | D:8      | Reached skill level 5 in Fighting
 11265 | Lair:1   | Entered Level 1 of the Lair of Beasts
 11267 | Lair:1   | Noticed a cane toad
 11660 | Lair:1   | Noticed a cane toad
 11699 | Lair:1   | Noticed a black mamba
 11710 | Lair:1   | Killed a black mamba
 11714 | Lair:1   | HP: 2/72 [cane toad (8)]
 11736 | Lair:1   | Reached XP level 11. HP: 13/78 MP: 7/15
 11782 | Lair:1   | HP: 2/78 [komodo dragon (24)]
 11783 | Lair:1   | Mangled by a komodo dragon

Illustrated notes

Levels and vault maps discovered:
D:1:      dpeg_arrival_tiny_j, layout_basic, minmay_split_cup_large
D:2:      layout_loops_cross, dreamdust_ecumenical_altar_statues
D:3:      layout_basic
D:4:      corexii_shack_village, layout_basic
D:5:      dreamdust_elfheim, layout_gridville, kb_lookout_dungeons_type,
          dk_noncrumbling_3, kennysheep_small_square, uniq_grinder
D:6:      layout_basic, kennysheep_vampire_church, led_xom_imps,
          ebering_ghost_sewer_d
D:7:      layout_rooms, minmay_temple_entry_fiery, uniq_menkaure
D:8:      cheibrodos_barr_body, layout_cave_pools, nicolae_tso_besieged_by_evil,
          amcnicky_mini_rare_corridor_liquid, uniq_maggie
Temple:   hellmonk_temple_of_storms
Lair:1:   layout_regular_city, portal_ice_cave_entry_imps

Skill      XL: |  1  2  3  4  5  6  7  8  9 10 |
---------------+-------------------------------+-----
Stealth        | 3 |  3.0
Conjurations   | 2 3 4 5 7 8 |  8.0
Fire Magic     | 4 5 6 7 8 |  8.0
Translocations | 1 2 |  2.0
Fighting       | 1 2 3 8 |  8.8
Spellcasting   | 3 |  3.0
Poison Magic   | 1 3 4 |  4.0
Transmutations | 1 3 4 |  4.0
Shields        | 4 5 |  5.0
Evocations     | 2 3 |  3.0
Dodging        | |  2.0

Action                     |  1- 3 |  4- 6 |  7- 9 | 10-12 || total
---------------------------+-------+-------+-------+-------++-------
  Melee: Unarmed           |    21 |    32 |    14 |     5 ||    72
         Tentacles         |     7 |     6 |     8 |       ||    21
         Constrict         |     7 |    11 |     8 |     1 ||    27
         Morningstar       |       |       |    25 |     4 ||    29
         Punch             |       |       |     1 |       ||     1
   Cast: Foxfire           |    47 |    90 |   257 |    71 ||   465
         Scorch            |       |    16 |    32 |    16 ||    64
         Volatile Blastmot |       |     2 |     4 |     2 ||     8
         Spider Form       |       |       |     2 |     1 ||     3
         Flame Wave        |       |       |     2 |     5 ||     7
  Evoke: Wand              |       |       |     6 |     3 ||     9
    Use: Scroll            |       |       |     9 |     4 ||    13
         Potion            |       |       |       |     6 ||     6
   Stab: Sleeping          |     4 |     3 |     1 |       ||     8
         Distracted        |       |     1 |       |       ||     1
 Armour: Skin              |     2 |    13 |    22 |     9 ||    46
  Dodge: Dodged            |    23 |    52 |    79 |    29 ||   183
  Block: Buckler           |       |       |       |    10 ||    10
